caesar, chaotic male human Rogue --------------- |.............| +.....?.......| |...d....r....| |...@.........| ----------- --- caesar the Cutpurse Experience level: 5 Strength: 18/01 Dexterity: 18 Constitution: 11 Intelligence: 9 Wisdom: 10 Charisma: 10 Health: 0(40) Energy: 20(20) Def: 10 Gold: 487 Moves: 2269 Dungeon seed: gXZ-JPEHZ2f1n-eZ Game ID: caesar_1506708769 Your Inventory: Coins $ - 487 gold pieces Weapons h - a +0 dagger named mellea (wielded in other hand) i - 12 +0 daggers (in quiver) k - a +0 orcish dagger named orcist (weapon in hand) Armor n - a blessed +2 orcish helm (being worn) y - an uncursed +0 crystal plate mail (being worn) Comestibles g - 2 uncursed food rations r - an uncursed tin of newt meat B - 2 uncursed eggs Scrolls q - an uncursed scroll of confuse monster s - a blessed scroll of identify t - an uncursed scroll of identify w - an uncursed scroll of destroy armor x - 2 uncursed scrolls of create monster Potions c - an uncursed potion of sickness o - an uncursed potion of gain energy v - an uncursed potion of booze Wands C - a wand of digging (0:7) Tools f - an uncursed sack Contents of the sack: 324 gold pieces an uncursed lock pick Spells and supernatural/magical abilities: Name Level Category Fail Memory W - pray for help -- divine ? -- Your skills at the end: Fighting Skills Weapon Skills dagger [Basic] short sword [Basic] Spellcasting Skills Final Attributes: You were piously aligned. You were stealthy. You were wielding two weapons at once. You were lucky. You are dead. Vanquished creatures: a small mimic a dingo a little dog 2 wererats an iguana 3 killer bees an acid blob 8 manes a large kobold a hobgoblin 5 giant rats a brown mold 2 jackals 2 goblins 4 grid bugs 2 lichens a kobold zombie 8 newts 45 creatures vanquished. Voluntary challenges: You followed a strict vegan diet. You used a wielded weapon 39 times, starting on turn 149. You were illiterate. You never genocided any monsters. You never polymorphed an object. You never changed form. You used no wishes. You never split a pudding. You never wrote Elbereth's name. You never violated your personal moral code. Dungeon overview: The Dungeons of Doom: levels 1 to 7 Level 1 some fountains a long staircase Level 2 stairs to The Gnomish Mines Level 3 an altar to Mog Level 4 a general store, a sink Level 5 an altar to Kos Level 6 a fountain Level 7 <- You were here The Gnomish Mines: Level 3 stairs to The Dungeons of Doom History has recorded: On T:1 you entered the Dungeons of Doom to retrieve the Amulet of Yendor! On T:199 you reached level 2 of The Dungeons of Doom. On T:293 you reached level 1 of The Gnomish Mines. On T:476 you reached level 3 of The Dungeons of Doom. On T:976 you advanced to experience level 2. On T:1072 you reached level 4 of The Dungeons of Doom. On T:1115 you reached level 5 of The Dungeons of Doom. On T:1430 you advanced to experience level 3. On T:1577 you reached level 6 of The Dungeons of Doom. On T:1677 you advanced to experience level 4. On T:2243 you advanced to experience level 5. On T:2265 you reached level 7 of The Dungeons of Doom. Score breakdown: Gold: 811 ( 9897 points) Experience: 5 levels (11141 points) Exploration: 7 levels ( 14.89%) (10834 points) Discoveries: 2 items ( 0.67%) ( 2457 points) Valuables value: (no points given unless you survive) Artifact value: 0 ( 0 points) Variety of kills: 18 monsters ( 4.72%) ( 6520 points) Turncount: 2269 turns ( -187 points) Survival: died (score multiplied by 80%) Total score: 32529 Latest messages: You see here 3 +0 daggers. (2x) There is an open door here. You see here 2 +0 daggers. i - 2 +0 daggers (in quiver). You see here 3 +0 daggers. i - 3 +0 daggers (in quiver). You see here 2 +0 daggers. i - 2 +0 daggers (in quiver). You see here 56 gold pieces. $ - 56 gold pieces. The little dog misses. You miss the little dog. The little dog misses. The little dog bites! You miss the little dog. The little dog bites! You miss the little dog. The little dog bites! The little dog misses. You miss the little dog. The little dog bites! You die... Final status: Goodbye caesar the Rogue, killed by a little dog... You died in The Dungeons of Doom on dungeon level 7 with 32529 points, and 811 pieces of gold, after 2269 moves. You were level 5 with a maximum of 40 hit points when you died.